 Dungeon Crawl Stone Soup version 0.21.1-1-g345015f (webtiles) character file.

157 Eggbaby the Changer (level 5, -2/33 HPs)
             Began as an Octopode Transmuter on June 27, 2018.
             Slain by an orc
             ... wielding a +0 trident
              (6 damage)
             ... on level 3 of the Dungeon.
             The game lasted 00:09:33 (1251 turns).

Eggbaby the Changer (Octopode Transmuter)           Turns: 1251, Time: 00:09:34

Health: -2/33      AC:  1    Str:  9    XL:     5   Next: 38%
Magic:  5/8        EV: 13    Int: 19    God:
Gold:   128        SH:  3    Dex: 13    Spells: 5/8 levels left

rFire    . . .     SeeInvis .   e - +1 dagger (speed)
rCold    . . .     Gourm    .   (no shield)
rNeg     . . .     Faith    .   (helmet restricted)
rPois    .         Spirit   .   i - +3 amulet of reflection (curse)
rElec    .         Reflect  +   f - +3 ring of intelligence
rCorr    .         Harm     .   (no ring)
MR       .....                  (no ring)
Stlth    ++........             (no ring)
HPRegen  0.11/turn              (no ring)
MPRegen  0.11/turn              (no ring)
                                (no ring)
                                (no ring)

@: appendage
A: almost no armour, stealthy swim, amphibious, 8 rings, constrict 8, tentacle
spike 3, camouflage 1, gelatinous body 1
a: End Transformation


You were on level 3 of the Dungeon.
You were not hungry.
One of your tentacles had a temporary spike.
You visited 1 branch of the dungeon, and saw 3 of its levels.

You collected 128 gold pieces.

Inventory:

Hand Weapons
 e - a +1 dagger of speed (weapon)
Missiles
 a - 37 arrows
Jewellery
 f - a +3 ring of intelligence (left tentacle)
 i - a cursed +3 amulet of reflection (around mantle)
 p - an uncursed amulet of regeneration {unknown}
Scrolls
 k - a scroll of fog
 o - a scroll of teleportation
Potions
 d - a potion of magic
 g - 3 potions of curing
 j - a potion of might {unknown}
 l - 2 potions of agility {unknown}
 n - a potion of lignification {unknown}
Books
 b - a book of Changes

   Spells                             Type                      Level
   a - Beastly Appendage              Transmutation                1
   b - Sticks to Snakes               Transmutation                2
   c - Spider Form                    Transmutation/Poison         3
   d - Ice Form                       Ice/Transmutation            4
   e - Blade Hands                    Transmutation                5
Comestibles
 c - 5 rations


   Skills:
 - Level 1.0 Fighting
 * Level 1.3 Short Blades
 - Level 2.0 Dodging
 - Level 3.0 Unarmed Combat
 - Level 2.0 Spellcasting
 * Level 5.1 Transmutations


You had 5 spell levels left.
You knew the following spells:

 Your Spells              Type           Power        Failure   Level  Hunger
a - Beastly Appendage     Tmut           ###...       1%          1    #......
b - Sticks to Snakes      Tmut           ###.....     3%          2    ###....


Dungeon Overview and Level Annotations

Branches:
Dungeon (3/15)

Altars:
Gozag
Nemelex Xobeh
The Shining One

Annotations:
D:3 Eggbaby's ghost, amateur OpTm


Innate Abilities, Weirdness & Mutations

You cannot wear most types of armour.
You are very stealthy in the water. (Stealth+)
You are amphibious.
You can wear up to eight rings at the same time.
You can use your tentacles to constrict eight enemies at once.
Your skin changes colour to match your surroundings (Stealth+).
Your rubbery body absorbs attacks. (AC +1, EV +1)
One of your tentacles bears a large vicious spike.


Message History

You hit the kobold but do no damage. You tentacle-slap the kobold.
You kill the kobold!
A goblin comes into view. It is wielding a dagger of draining.
Casting: Beastly Appendage
Confirm with . or Enter, or press ? or * to list all spells.
You create a snake!
You now have 37 arrows.
The goblin moves out of view.
Casting: Sticks to Snakes
Confirm with . or Enter, or press ? or * to list all spells.
One of your tentacles grows a vicious spike.
Your adder closely misses the orc.
The orc hits you from afar with a trident.
* * * LOW HITPOINT WARNING * * *
2 bats come into view.
You barely miss the bat. Your grab misses the bat. The bat hits you.
* * * LOW HITPOINT WARNING * * *
The bat barely misses you.
Your adder barely misses the orc.
You hit the bat.
You kill the bat!
The orc hits you from afar with a trident.
You die...

#*,,,,,,,,**+****** *,,**,*<,,,*
**,,,,,,,,#.......###..,,,*******
*,,,,,,,,#...........,,,,,,,,,,,
*,,,,,,,.#..........,,,,********
#.,,,,,,.........^.,,,,,,,*
#.******,,........,,,,,,,,* #.*
*,,,,..Sog,,,,,,,,,* #.*
******#ob#,,,,,,,,,* ##.##
########@#,,,,,,,,,* *...#
#........##***+*,,,* *,#.##
#.........# *,*,,,* ,,#..##
#.........#* *,*****
,*##†.####.....##..# *,*
**,##%)###.....###.# *,*
#..W##..........#*.#**+***
..#..##.........#*..,,,,,*
,#.#.,##....†...#*#..,,,,***


You could see 2 orcs, a goblin, a bat and a friendly adder.

Vanquished Creatures
  Natasha (thrice) (D:2)
  2 adders (D:3)
  4 worms
  2 dart slugs
  An orc (D:3)
  5 giant cockroaches
  6 goblins (D:1)
  6 hobgoblins
  A quokka (D:2)
  10 bats
  A frilled lizard (D:3)
  3 kobolds
  4 rats
48 creatures vanquished.

Vanquished Creatures (collateral kills)
  A worm (D:2)
  A ball python (D:3)
  A goblin (D:1)
  A bat (D:1)
4 creatures vanquished.

Grand Total: 52 creatures vanquished

Notes
Turn   | Place    | Note
-------+----------+-------------------------------------------
     0 | D:1      | Eggbaby the Octopode Transmuter began the quest for the Orb.
     0 | D:1      | Reached XP level 1. HP: 13/13 MP: 3/3
   114 | D:1      | Reached XP level 2. HP: 10/18 MP: 5/5
   125 | D:1      | Learned a level 2 spell: Sticks to Snakes
   164 | D:1      | Reached skill level 3 in Transmutations
   276 | D:1      | Reached XP level 3. HP: 5/23 MP: 0/6
   544 | D:2      | Found an opulent altar of Gozag.
   721 | D:2      | Noticed Natasha
   726 | D:2      | Killed Natasha
   726 | D:2      | Reached skill level 4 in Transmutations
   726 | D:2      | Reached XP level 4. HP: 24/28 MP: 3/7
   751 | D:2      | Noticed Natasha
   757 | D:2      | Killed Natasha
   777 | D:2      | Found a sparkling altar of Nemelex Xobeh.
   828 | D:2      | Noticed Natasha
   837 | D:2      | Killed Natasha
   837 | D:2      | Reached XP level 5. HP: 17/33 MP: 6/8
  1001 | D:2      | Reached skill level 1 in Short Blades
  1166 | D:3      | Reached skill level 5 in Transmutations
  1206 | D:3      | Noticed Eggbaby's ghost (amateur OpTm)
  1207 | D:3      | Found a glowing golden altar of the Shining One.
  1251 | D:3      | Slain by an orc

Skill      XL: |  1  2  3  4  5 |
---------------+----------------+-----
Transmutations | 3 4 5 |  5.1
Short Blades   | 1 |  1.3
Fighting       | |  1.0
Dodging        | |  2.0
Unarmed Combat | |  3.0
Spellcasting   | |  2.0

Action                   |  1- 3 |  4- 6 || total
-------------------------+-------+-------++-------
Melee: Unarmed           |    56 |       ||    56
       Constrict         |    24 |    10 ||    34
       Tentacles         |    14 |    10 ||    24
       Punch             |     2 |     2 ||     4
       Kick              |    12 |     9 ||    21
       Dagger            |    27 |    49 ||    76
 Cast: Beastly Appendage |    12 |     6 ||    18
       Sticks to Snakes  |     6 |     3 ||     9
  Use: Scroll            |     2 |     4 ||     6
       Potion            |       |     1 ||     1
 Stab: Sleeping          |     3 |     3 ||     6
       Distracted        |       |     1 ||     1
  Eat: Chunk             |       |     2 ||     2
Armor: Skin              |     9 |     3 ||    12
Dodge: Dodged            |    46 |    20 ||    66
Block: Other             |     1 |     3 ||     4
